 Dungeon Crawl Stone Soup version 0.30-a0-389-g8d7d949f56 (webtiles) character file.

Game seed: 15647221261740576510

5 RevealingFortune the Poker (level 1, 18/18 HPs)
             Began as a Minotaur Gladiator on Dec 4, 2022.
             Was a Follower of Jiyva.
             Quit the game on level 1 of the Dungeon.
             The game lasted 00:03:17 (111 turns).

RevealingFortune the Poker (Minotaur Gladiator)      Turns: 111, Time: 00:03:18

Health: 18/18      AC:  6    Str: 18    XL:     1   Next: 66%
Magic:  0/0        EV: 10    Int:  5    God:    Jiyva [*.....]
Gold:   0          SH:  0    Dex: 11    Spells: 0/0 levels left

rFire   . . .      SeeInvis .    a - +0 trident
rCold   . . .      Faith    .    (no shield)
rNeg    . . .      Spirit   .    f - +0 scale mail
rPois   .          Reflect  .    c - +0 hat
rElec   .          Harm     .    (no cloak)
rCorr   .          Rampage  .    (no gloves)
Will    .....                    (no boots)
Stlth   ..........               (no amulet)
HPRegen 1.03/turn                (no ring)
MPRegen 0.32/turn                (no ring)

@: no status effects
A: horns 2, retaliatory headbutt
a: Renounce Religion


You were on level 1 of the Dungeon.
You worshipped Jiyva.
Jiyva was aware of your devotion.
You visited 1 branch of the dungeon, and saw 1 of its levels.

Inventory:

Hand Weapons
 a - a +0 trident (weapon)
Missiles
 d - 3 throwing nets (quivered)
 e - a javelin
Armour
 b - a +0 leather armour
 c - a +0 hat (worn)
 f - a +0 scale mail (worn)


   Skills:
 + Level 2.4 Fighting
 + Level 3.7 Polearms
 + Level 2.0 Throwing
 + Level 3.5 Dodging


You couldn't memorise any spells.
You didn't know any spells.
Your spell library was empty.

Dungeon Overview and Level Annotations

Branches:
Dungeon (1/15)

Altars:
Jiyva


Innate Abilities, Weirdness & Mutations

You have a pair of horns on your head.
You reflexively headbutt those who attack you in melee.


Message History

a jackal corpse; a jackal corpse You barely miss the jackal.
The jackal bites you but does no damage.
You barely miss the jackal. You headbutt the jackal.
The jackal is severely wounded.
The jackal bites you. The jackal closely misses you.
You closely miss the jackal. You headbutt the jackal.
You kill the jackal!
You see here a jackal corpse.
Things that are here:
a jackal corpse; a jackal corpse You see here a +0 scale mail.
You start removing your armour.
You continue taking off your +0 leather armour. x4
You finish taking off your +0 leather armour.
You start putting on your armour.
You continue putting on your +0 scale mail. x5
You finish putting on your +0 scale mail.
You swap places.
There is a stone staircase leading down here.
You hear a slurping noise.
Things that are here:
a jackal corpse; a jackal corpse You hear a distant slurping noise.
You hear a distant slurping noise.
Things that are here:
a +0 club; a goblin corpse
There is a viscous altar of Jiyva here.
Unknown command.
Press < or > to pray at altars.
There is a viscous altar of Jiyva here.
You offer a prayer to Jiyva.
Unknown command.
Press < or > to pray at altars.
You offer a prayer to Jiyva.
Unknown command.
Press < or > to pray at altars.
Unknown command.
Press < or > to pray at altars.
Are you sure you want to abandon this character and quit the game? (Confirm with "yes".)

#.# #.# #.###
##...## .. ##.....##
#..##.......##
#.........†..# ..
##.##...>###.# #.
##...#@#.# ########.
##..#.#.# #§≈≈§§≈≈.
##.#)#.# #≈≈≈≈≈§..
#.#.#.# #§≈....~~
#.#...# ###§...~§~.
#.###.####.....~~~.<
#.# #......#≈...~~~.
..# ########≈≈....~~
#≈≈≈≈§...


There were no monsters in sight!

Vanquished Creatures
  A goblin (D:1)
  3 jackals (D:1)
4 creatures vanquished.

Vanquished Creatures (others)
  2 ball pythons (D:1)
2 creatures vanquished.

Grand Total: 6 creatures vanquished

Notes
Turn   | Place    | Note
-------+----------+-------------------------------------------
     0 | D:1      | RevealingFortune the Minotaur Gladiator began the quest for
                  | the Orb.
     0 | D:1      | Reached XP level 1. HP: 18/18 MP: 0/0
    16 | D:1      | Found a faded altar of an unknown god.
    51 | D:1      | Prayed at the altar of an unknown god.
    51 | D:1      | Became a worshipper of Jiyva Jierimau the Shapeless
    51 | D:1      | Reached * piety under Jiyva
   111 | D:1      | Quit the game

Illustrated notes

Levels and vault maps discovered:
D:1:      dpeg_arrival_shrine, layout_loops_ring,
          hellmonk_ecumenical_altar_leap_of_faith, st_stairs_12,
          corexii_hall_statues_deadend

Action                   || total
-------------------------++-------
Melee: Trident           ||     6
       Headbutt          ||     3
Armor: Leather armour    ||     4
Dodge: Dodged            ||     3

Table legend: (Time is in decaauts)
 A = Elapsed time spent in this place.
 B = Non-inter-level travel time spent in this place.
 C = Inter-level travel time spent in this place.
 D = Time resting spent in this place.
 E = Time spent auto-exploring this place.
 F = Levels seen in this place.
 G = Mean time per level.
                   A        B        C        D        E       F      G
               +--------+--------+--------+--------+--------+-----+--------+
         Total |    113 |    113 |      0 |      0 |     11 |   1 |  113.0 |
       Dungeon |    113 |    113 |      0 |      0 |     11 |   1 |  113.0 |
               +--------+--------+--------+--------+--------+-----+--------+

Top non-repeatable levels by time:
     D:1: 113 daAuts
